 Dungeon Sprint DCSS version 0.27.1-35-g4d5d836560 (webtiles) character file.

Game seed: 5301023668930462283

25 jessy the Chopper (level 2, -10/26 HPs)
             Began as a Minotaur Gladiator on Feb 1, 2022.
             Mangled by an ogre (32 damage)
             ... in the Dungeon (Sprint I: "Red Sonja") on Apr 18, 2022.
             The game lasted 00:00:28 (127 turns).

jessy the Chopper (Minotaur Gladiator)               Turns: 127, Time: 00:00:29

Health: -10/26     AC:  3    Str: 18    XL:     2   Next: 82%
Magic:  1/1        EV: 13    Int:  5    God:
Gold:   0          SH:  0    Dex: 11    Spells: 1/1 levels left

rFire    . . .     SeeInvis .   a - +0 war axe
rCold    . . .     Faith    .   (no shield)
rNeg     . . .     Spirit   .   b - +0 leather armour
rPois    .         Reflect  .   c - +0 hat
rElec    .         Harm     .   (no cloak)
rCorr    .         Rampage  .   (no gloves)
Will     .....     NoTele   +   (no boots)
Stlth    +.........             (no amulet)
HPRegen  0.08/turn              (no ring)
MPRegen  0.07/turn              (no ring)

@: no status effects
A: horns 2, retaliatory headbutt
a: no special abilities


You were in the Dungeon.
You visited 1 branch

Inventory:

Hand Weapons
 a - a +0 war axe (weapon)
 l - a +0 dagger
Missiles
 d - 3 throwing nets (quivered)
Armour
 b - a +0 leather armour (worn)
 c - a +0 hat (worn)
 m - a +0 leather armour
Wands
 k - a wand of flame (14)
Scrolls
 j - a scroll of blinking
Potions
 e - a potion of curing
 f - a potion of heal wounds
 g - a potion of haste
 h - 2 potions of magic
 i - a potion of berserk rage


   Skills:
 + Level 3.3 Fighting
 + Level 5.6 Axes
 + Level 2.6 Throwing
 + Level 5.0 Dodging


You had one spell level left.
You didn't know any spells.
Your spell library was empty.

Dungeon Overview and Level Annotations

Branches:
Dungeon (1/1)

Altars:


Innate Abilities, Weirdness & Mutations

You have a pair of horns on your head.
You reflexively headbutt those who attack you in melee.


Message History

You barely miss Ijyb.
Ijyb is heavily wounded.
Ijyb hits you with a +0 dagger.
You hit Ijyb. You headbutt Ijyb.
Ijyb is severely wounded.
Ijyb misses you. You furiously retaliate!
You headbutt Ijyb!
You kill Ijyb!
Your Fighting skill increases to level 3!
Your Axes skill gained 2 levels and is now at level 5!
Your Dodging skill gained 2 levels and is now at level 5!
You have reached level 2!
You start resting.
k - a wand of flame (14)
Things that are here:
a +0 dagger; a +0 leather armour Welcome back, jessy the Minotaur Gladiator.
Press ? for a list of commands and other information.
Things that are here:
a +0 leather armour; a +0 dagger
l - a +0 dagger;
m - a +0 leather armour
There is an open door here.
You open the door.
An ogre comes into view. It is wielding a +0 giant club.
The ogre shouts!
The ogre misses you.
There is an open door here.
You slash the ogre! Your headbutt misses the ogre.
The ogre is moderately wounded.
The ogre closely misses you. You furiously retaliate!
You headbutt the ogre! You barely miss the ogre.
The ogre is severely wounded.
The ogre misses you. You furiously retaliate!
You headbutt the ogre. You hit the ogre.
The ogre is almost dead.
The ogre misses you.
You barely miss the ogre. Your headbutt misses the ogre.
The ogre is almost dead.
The ogre hits you with a +0 giant club!!
Ouch! That really hurt!
You die...

##########
#<.#..@O.#
#..'..#..+
#..#####+#
#..# #..#
#..# #⌠⌠#
####


You could see an ogre.

Vanquished Creatures
  Ijyb (D)
1 creature vanquished.

Notes
Turn   | Place    | Note
-------+----------+-------------------------------------------
     0 | D        | jessy the Minotaur Gladiator began the quest for the Orb.
     0 | D        | Reached XP level 1. HP: 18/18 MP: 0/0
     6 | D        | Noticed Ijyb
    12 | D        | Killed Ijyb
    13 | D        | Reached skill level 5 in Axes
    13 | D        | Reached skill level 5 in Dodging
    13 | D        | Reached XP level 2. HP: 12/26 MP: 1/1
   115 | D        | Upgraded the game from 0.27.1-34-g3ba077fa99 to
                  | 0.27.1-35-g4d5d836560
   122 | D        | Noticed an ogre
   127 | D        | Mangled by an ogre

Illustrated notes

Levels and vault maps discovered:
D:        dungeon_sprint_1 [red_sonja_temple_1, red_sonja_temple_small_1]

Skill      XL: |  1 |
---------------+----+-----
Fighting       | 3 |  3.3
Axes           | 5 |  5.6
Dodging        | 5 |  5.0
Throwing       | |  2.6

Action                   || total
-------------------------++-------
Melee: War axe           ||     9
       Headbutt          ||     2
Armor: Leather armour    ||     1
Dodge: Dodged            ||     7
